Map: Abyssal Reef LE

Players

Yata - Winner!

  • Race: Zerg Zerg
  • League: Silver
  • Spawn Location: 5:00

A.I. 1 (Harder)

  • Race: Protoss Protoss
  • Spawn Location: 11:00

VOD

Have the link to the VOD?

Description

Time

  • Played on: July 16, 2017, 9:45 p.m.
  • Length: 16:21
Show
View Real Time Build Order
Export as new Build Order

Yata Zerg - Winner!

Build Orders: Hatch First 

Get SALT Encoding   

  12  0:01  Drone  
  13  0:16  Overlord  
  13  0:22  Drone  
  14  0:37  Drone x2  
  14  0:38  Drone  
  17  0:59  Hatchery  
  17  1:03  Drone x2  
  18  1:09  Extractor  
  17  1:17  Spawning Pool  
  16  1:22  Drone x2  
  18  1:31  Drone  
  19  1:42  Overlord  
  19  1:57  Drone  
  20  2:04  Queen  
  22  2:11  Queen  
  22  2:13  Zergling x2  
  25  2:16  Zergling x2  
  25  2:21  Metabolic Boost  
  26  2:32  Baneling Nest  
  26  2:34  Extractor  
  24  2:40  Queen  
  26  2:50  Drone  
  26  2:51  Drone x5  
  32  3:02  Overlord  
  32  3:04  Overlord  
  31  3:29  Drone  
  31  3:30  Drone x7  
  39  3:48  Lair  
  39  3:49  Hatchery  
  39  3:54  Baneling x3  
  38  4:09  Pneumatized Carapace  
  38  4:26  Zergling x6  
  38  4:27  Zergling x4  
  43  4:34  Drone x4  
  43  4:35  Drone x4  
  43  4:38  Overlord x3  
  51  5:02  Overseer  
  51  5:30  Zergling x8  
  51  5:31  Zergling x12  
  55  5:45  Overlord  
  55  5:46  Overlord x3  
  48  6:01  Zergling x10  
  41  6:22  Zergling x6, Queen  
  44  6:30  Zergling x4  
  44  6:52  Drone x3  
  44  6:53  Drone x4  
  51  7:05  Hydralisk Den  
  50  7:08  Infestation Pit  
  49  7:35  Muscular Augments  
  49  7:39  Zergling x20  
  59  7:51  Drone x4  
  61  7:52  Drone x4  
  61  7:57  Drone x2  
  61  7:58  Drone  
  70  8:15  Hive  
  70  8:19  Hydralisk  
  70  8:20  Hydralisk x10  
  89  8:45  Baneling x10  
  89  8:46  Baneling x5  
  89  8:55  Hydralisk  
  91  9:17  Centrifical Hooks  
  86  9:24  Hatchery  
  77  9:37  Hydralisk x2  
  81  9:43  Zergling x2  
  81  9:44  Zergling x32  
  98  10:18  Overlord x2  
  98  10:19  Overlord x3  
  98  10:34  Evolution Chamber  
  97  10:41  Hydralisk x7  
  111  11:00  Queen  
  111  11:03  Zergling x4  
  111  11:04  Overlord  
  115  11:05  Zergling x18  
  124  11:17  Zerg Missile Weapons Level 1  
  124  11:50  Extractor x2  
  124  11:51  Extractor  
  121  11:57  Drone x7  
  121  11:58  Drone x5  
  116  12:36  Drone x2  
  116  12:37  Drone x2  
  110  12:47  Hydralisk x7  
  110  12:48  Hydralisk x4  
  122  13:31  Hydralisk x4  
  122  13:32  Hydralisk  
  132  13:37  Hydralisk  
  132  13:39  Drone x14  
  132  13:40  Drone x6  
  144  14:11  Hatchery  
  144  14:15  Hydralisk  
  144  14:16  Hydralisk  
  141  14:21  Hatchery  
  134  14:28  Hatchery  
  127  14:37  Zergling x2, Drone  
  127  14:38  Zergling x30  
  144  15:21  Overlord x5  
  144  15:22  Overlord x4  
  144  15:34  Queen x2  
  148  15:45  Zergling x10  
  148  15:46  Zergling x22  
Show
View Real Time Build Order
Export as new Build Order

A.I. 1 (Harder) Protoss 

Build Orders:  

Get SALT Encoding   

  12  0:01  Probe (Chrono Boost)  
  13  0:11  Probe (Chrono Boost)  
  14  0:19  Pylon  
  14  0:22  Probe (Chrono Boost)  
  15  0:37  Probe (Chrono Boost)  
  15  0:39  Gateway  
  16  0:46  Assimilator  
  16  0:48  Probe (Chrono Boost)  
  17  0:58  Probe (Chrono Boost)  
  17  1:01  Pylon  
  18  1:09  Probe (Chrono Boost)  
  19  1:23  Zealot, Probe (Chrono Boost)  
  20  1:27  Cybernetics Core  
  22  1:44  Gateway  
  22  1:49  Assimilator  
  22  2:02  Stalker  
  22  2:03  Pylon  
  24  2:09  Warp Gate  
  24  2:31  Zealot  
  24  2:32  Stalker  
  28  2:48  Pylon  
  28  2:56  Stalker  
  30  3:02  Adept  
  33  3:06  Probe (Chrono Boost)  
  33  3:19  Probe (Chrono Boost)  
  34  3:21  Pylon  
  34  3:25  Stalker  
  36  3:28  Adept  
  36  3:31  Probe (Chrono Boost)  
  39  3:37  Forge  
  40  3:43  Probe (Chrono Boost)  
  40  3:52  Stalker  
  40  3:54  Probe (Chrono Boost)  
  43  4:05  Probe (Chrono Boost)  
  44  4:43  Protoss Ground Weapons Level 1  
  44  4:48  Adept  
  44  4:51  Gateway  
  46  4:54  Pylon  
  46  4:55  Sentry  
  46  4:59  Nexus  
  48  5:07  Adept  
  50  5:16  Sentry  
  52  5:23  Pylon  
  52  5:26  Robotics Facility  
  52  5:27  Stalker  
  54  5:39  Adept  
  54  5:46  Adept  
  54  5:47  Twilight Council  
  50  5:58  Zealot  
  50  6:05  Adept  
  52  6:13  Probe x2 (Chrono Boost)  
  52  6:14  Observer  
  52  6:16  Blink  
  53  6:23  Zealot  
  53  6:24  Probe (Chrono Boost)  
  56  6:27  Probe (Chrono Boost)  
  56  6:30  Protoss Ground Armor Level 1  
  51  6:35  Stalker, Probe (Chrono Boost)  
  54  6:42  Stalker  
  54  6:45  Probe (Chrono Boost)  
  57  6:48  Probe (Chrono Boost)  
  57  6:52  Adept  
  59  6:56  Probe (Chrono Boost)  
  59  6:59  Probe (Chrono Boost)  
  61  7:03  Stalker  
  61  7:08  Probe (Chrono Boost)  
  64  7:10  Stalker  
  64  7:11  Probe (Chrono Boost)  
  67  7:17  Stalker  
  67  7:18  Observer  
  67  7:19  Probe (Chrono Boost)  
  72  7:23  Probe (Chrono Boost)  
  73  7:30  Probe (Chrono Boost)  
  73  7:32  Photon Cannon  
  73  7:35  Probe (Chrono Boost)  
  74  7:41  Probe (Chrono Boost)  
  74  7:42  Photon Cannon  
  74  7:43  Pylon  
  75  7:46  Probe (Chrono Boost)  
  76  7:52  Pylon, Probe (Chrono Boost)  
  76  7:57  Stargate  
  77  8:09  Assimilator  
  77  8:14  Forge  
  77  8:20  Assimilator  
  77  8:43  Probe x2 (Chrono Boost)  
  79  8:53  Probe (Chrono Boost)  
  79  8:54  Nexus  
  80  9:02  Void Ray  
  80  9:03  Warp Prism  
  86  9:17  Pylon  
  80  9:37  Observer  
  80  9:39  Void Ray  
  80  9:44  Gateway  
  85  9:51  Pylon  
  85  9:53  Warp Prism  
  87  10:15  Assimilator  
  87  10:17  Assimilator  
  87  10:18  Void Ray  
  87  10:25  Warp Prism  
  93  10:38  Probe (Chrono Boost)  
  93  10:39  Probe (Chrono Boost)  
  93  10:41  Probe (Chrono Boost)  
  96  10:49  Probe (Chrono Boost)  
  97  10:51  Probe (Chrono Boost)  
  97  10:52  Probe (Chrono Boost)  
  99  11:00  Probe (Chrono Boost)  
  100  11:05  Protoss Ground Weapons Level 2  
  100  11:06  Probe (Chrono Boost)  
  100  11:07  Pylon  
  100  11:09  Probe (Chrono Boost)  
  100  11:10  Probe (Chrono Boost)  
  103  11:16  Protoss Ground Armor Level 2  
  103  11:17  Probe (Chrono Boost)  
  104  11:22  Probe x2 (Chrono Boost)  
  106  11:28  Probe (Chrono Boost)  
  106  11:29  Robotics Facility  
  106  11:31  Fleet Beacon  
  108  11:33  Probe (Chrono Boost)  
  108  11:34  Pylon  
  108  11:35  Robotics Bay, Probe (Chrono Boost)  
  109  11:59  Protoss Air Weapons Level 1  
  109  12:01  Gateway  
  109  12:10  Carrier  
  109  12:11  Photon Cannon  
  108  12:18  Stargate, Nexus  
  99  12:23  Stalker  
  99  12:25  Photon Cannon  
  99  12:26  Stalker  
  99  12:28  Photon Cannon  
  93  12:31  Stalker  
  93  12:33  Disruptor  
  90  12:39  Disruptor  
  90  12:40  Mothership Core (Chrono Boost)  
  90  12:46  Zealot  
  90  12:48  Stalker  
  90  12:52  Zealot  
  90  12:56  Zealot  
  83  13:05  Stalker  
  85  13:10  Stalker  
  71  13:12  Stalker  
  71  13:15  Stalker  
  65  13:23  Immortal  
  65  13:27  Stalker  
  71  13:32  Mothership Core (Chrono Boost), Void Ray, Stalker  
  61  13:34  Zealot  
  61  13:44  Pylon  
  55  13:49  Stalker  
  55  13:54  Stalker  
  47  13:58  Stalker  
  41  14:11  Mothership Core (Chrono Boost), Stalker  
  30  14:17  Nexus  
  23  14:41  Probe (Chrono Boost)  
  24  14:51  Pylon  
  20  15:02  Nexus  
  20  15:03  Probe (Chrono Boost)  
  18  15:13  Probe (Chrono Boost)  
  17  15:16  Gateway  
  17  15:18  Robotics Facility  
  10  16:11  Nexus  
  4  16:19  Cybernetics Core  
Tags
 
League
Silver
Matchup
PvZ
Replay Pack
Pack 1
Spawn Locations
Cross Positions
Add a new tag
Caveats
  • Supply blocks, unpowered buildings, or Contaminate may cause inaccurate times.
  • Supply counts are checked every 10 seconds.